 Dungeon Crawl Stone Soup version 0.21.1-1-g345015f (webtiles) character file.

88 prawnwizard the Magician (level 4, -1/32 HPs)
             Began as a Gnoll Wizard on July 1, 2018.
             Slain by bande's ghost (5 damage)
             ... on level 3 of the Dungeon.
             The game lasted 00:09:01 (3371 turns).

prawnwizard the Magician (Gnoll Wizard)             Turns: 3371, Time: 00:09:02

Health: -1/32      AC:  4    Str:  9    XL:     4   Next: 54%
Magic:  1/22       EV: 14    Int: 21    God:
Gold:   89         SH:  0    Dex: 14    Spells: 6/17 levels left

rFire    . . .     SeeInvis .   h - +0 dagger (elec)
rCold    . . .     Gourm    .   (no shield)
rNeg     . . .     Faith    .   a - +0 robe
rPois    .         Spirit   .   m - +1 helmet
rElec    .         Reflect  .   (no cloak)
rCorr    .         Harm     .   (no gloves)
MR       .....                  (no boots)
Stlth    +++.......             (no amulet)
HPRegen  0.10/turn              k - ring of magical power
MPRegen  0.18/turn              (no ring)

@: very slightly contaminated
A: distributed training, fangs 1, strong nose
a: no special abilities


You were on level 3 of the Dungeon.
You were not hungry.

You visited 1 branch of the dungeon, and saw 3 of its levels.

You collected 89 gold pieces.

Inventory:

Hand Weapons
 h - a +0 dagger of electrocution (weapon)
Armour
 a - a +0 robe (worn)
 b - a +0 hat
 m - a +1 helmet (worn)
Jewellery
 k - a ring of magical power (left hand)
Scrolls
 e - a scroll of immolation
 j - 2 scrolls of identify
 l - a scroll of noise {unknown}
 n - a scroll of magic mapping {unknown}
Potions
 f - a potion of mutation
 g - a potion of resistance {unknown}
 i - a potion of haste {unknown}
 o - a potion of flight {unknown}
Books
 c - a book of Minor Magic

   Spells                             Type                      Level
   a - Magic Dart                     Conjuration                  1
   b - Blink                          Translocation                2
   c - Call Imp                       Summoning                    2
   d - Slow                           Hexes                        2
   e - Conjure Flame                  Conjuration/Fire             3
   f - Mephitic Cloud                 Conjuration/Poison/Air       3
Comestibles
 d - 2 rations
 p - 2 chunks of flesh


   Skills:
 + Level 1.1 Fighting
 + Level 1.1 Short Blades
 + Level 1.1 Long Blades
 + Level 1.1 Axes
 + Level 1.1 Maces & Flails
 + Level 1.1 Polearms
 + Level 1.1 Staves
 + Level 1.1 Slings
 + Level 1.1 Bows
 + Level 1.1 Crossbows
 + Level 1.1 Throwing
 + Level 1.1 Armour
 + Level 4.6 Dodging
 + Level 4.2 Stealth
 + Level 1.1 Shields
 + Level 1.1 Unarmed Combat
 + Level 7.2 Spellcasting
 + Level 2.2 Conjurations
 + Level 0.9 Hexes
 + Level 0.9 Charms
 + Level 2.2 Summonings
 + Level 0.9 Necromancy
 + Level 2.2 Translocations
 + Level 0.9 Transmutations
 + Level 0.9 Fire Magic
 + Level 0.9 Ice Magic
 + Level 0.9 Air Magic
 + Level 0.9 Earth Magic
 + Level 0.9 Poison Magic
 + Level 1.2 Invocations
 + Level 1.1 Evocations


You had 6 spell levels left.
You knew the following spells:

 Your Spells              Type           Power        Failure   Level  Hunger
a - Magic Dart            Conj           ###.         3%          1    None
b - Blink                 Tloc           N/A          5%          2    None
c - Mephitic Cloud        Conj/Pois/Air  ##......     14%         3    None
d - Conjure Flame         Conj/Fire      ##......     13%         3    None
e - Call Imp              Summ           ###.....     5%          2    None


Dungeon Overview and Level Annotations

Branches:
Dungeon (3/15)

Altars:
Elyvilon

Annotations:
D:3 1 runed door, bande's ghost, amateur GrFi


Innate Abilities, Weirdness & Mutations

Your experience applies equally to all skills.
You have very sharp teeth.
Your uncanny sense of smell can sniff out nearby items.


Message History

The worm barely misses you. Bande's ghost hits you!
You hit the worm but do no damage.
The worm is moderately wounded.
Your crimson imp hits bande's ghost but does no damage.
Bande's ghost closely misses you.
You hit the worm.
The worm is moderately wounded.
Your crimson imp barely misses bande's ghost.
The worm barely misses you. Bande's ghost hits you!
* * * LOW HITPOINT WARNING * * *
You barely miss the worm.
The worm is moderately wounded.
Your crimson imp hits bande's ghost but does no damage.
Bande's ghost misses you. The worm bites you.
* * * LOW HITPOINT WARNING * * *
You hit the worm but do no damage.
The worm is moderately wounded.
Your crimson imp barely misses bande's ghost.
Bande's ghost hits you.
You die...

.# .# .# .# .####
....#
#.#.##############
.......5....555W.#
...#############@#
.$......# #w#
...####.# #.. ...#
####
...####.############
...................#
................)#.#
.................#.#
.#######.......#.#.#


You could see a worm, bande's ghost, 2 friendly crimson imps and a friendly
white imp.

Vanquished Creatures
  3 adders (D:3)
  2 worms (D:3)
  A dart slug (D:1)
  2 leopard geckos (D:3)
  An orc (D:3)
  4 giant cockroaches
  7 goblins
  9 hobgoblins
  2 jackals (D:3)
  A ball python (D:3)
  A bat (D:2)
  3 frilled lizards (D:1)
  6 kobolds
  6 rats
  A bush (D:1)
49 creatures vanquished.

Notes
Turn   | Place    | Note
-------+----------+-------------------------------------------
     0 | D:1      | prawnwizard the Gnoll Wizard began the quest for the Orb.
     0 | D:1      | Reached XP level 1. HP: 13/13 MP: 8/8
   219 | D:1      | Reached XP level 2. HP: 19/19 MP: 0/10
  1465 | D:2      | Reached XP level 3. HP: 25/25 MP: 8/11
  2286 | D:3      | Found a white marble altar of Elyvilon.
  2287 | D:3      | Found a runed door.
  2287 | D:3      | Noticed an angel
  2303 | D:3      | Learned a level 2 spell: Blink
  2305 | D:3      | Reached skill level 1 in Invocations
  2539 | D:3      | Learned a level 3 spell: Mephitic Cloud
  2543 | D:3      | Learned a level 3 spell: Conjure Flame
  2652 | D:3      | Learned a level 2 spell: Call Imp
  2721 | D:3      | Reached skill level 1 in Fighting
  2721 | D:3      | Reached skill level 1 in Short Blades
  2721 | D:3      | Reached skill level 1 in Long Blades
  2721 | D:3      | Reached skill level 1 in Axes
  2721 | D:3      | Reached skill level 1 in Maces & Flails
  2721 | D:3      | Reached skill level 1 in Polearms
  2721 | D:3      | Reached skill level 1 in Staves
  2721 | D:3      | Reached skill level 1 in Slings
  2721 | D:3      | Reached skill level 1 in Bows
  2721 | D:3      | Reached skill level 1 in Crossbows
  2721 | D:3      | Reached skill level 1 in Throwing
  2721 | D:3      | Reached skill level 1 in Armour
  2721 | D:3      | Reached skill level 1 in Shields
  2721 | D:3      | Reached skill level 1 in Unarmed Combat
  2721 | D:3      | Reached skill level 1 in Evocations
  2759 | D:3      | Reached XP level 4. HP: 15/32 MP: 0/13
  3313 | D:3      | Noticed bande's ghost (amateur GrFi)
  3371 | D:3      | Slain by bande's ghost

Skill      XL: |  1  2  3 |
---------------+----------+-----
Conjurations   | 2 |  2.2
Summonings     | 2 |  2.2
Translocations | 2 |  2.2
Invocations    | 1 |  1.2
Fighting       | 1 |  1.1
Short Blades   | 1 |  1.1
Long Blades    | 1 |  1.1
Axes           | 1 |  1.1
Maces & Flails | 1 |  1.1
Polearms       | 1 |  1.1
Staves         | 1 |  1.1
Slings         | 1 |  1.1
Bows           | 1 |  1.1
Crossbows      | 1 |  1.1
Throwing       | 1 |  1.1
Armour         | 1 |  1.1
Shields        | 1 |  1.1
Unarmed Combat | 1 |  1.1
Evocations     | 1 |  1.1
Dodging        | |  4.6
Stealth        | |  4.2
Spellcasting   | |  7.2
Hexes          | |  0.9
Charms         | |  0.9
Necromancy     | |  0.9
Transmutations | |  0.9
Fire Magic     | |  0.9
Ice Magic      | |  0.9
Air Magic      | |  0.9
Earth Magic    | |  0.9
Poison Magic   | |  0.9

Action                   |  1- 3 |  4- 6 || total
-------------------------+-------+-------++-------
Melee: Dagger            |    47 |    13 ||    60
       Bite              |     2 |     2 ||     4
       Punch             |     1 |       ||     1
 Cast: Magic Dart        |    92 |    41 ||   133
       Blink             |       |     4 ||     4
       Call Imp          |       |     4 ||     4
  Use: Scroll            |     3 |       ||     3
  Eat: Chunk             |     2 |     2 ||     4
       Ration            |     1 |       ||     1
Armor: Robe              |     3 |     1 ||     4
Dodge: Dodged            |    15 |    16 ||    31
